 Dungeon Crawl Stone Soup version 0.13-a0-1614-gd69a504 (webtiles) character file.

188 IAMA the Cudgeler (level 4, 0/34 HPs)
             Began as a Mummy Chaos Knight on June 15, 2013.
             Was an Initiate of Nemelex Xobeh.
             Slain by an ufetubus (3 damage)
             ... summoned by Xom
             ... on Level 2 of the Dungeon.
             The game lasted 00:03:52 (1202 turns).

IAMA the Cudgeler (Mummy Chaos Knight)              Turns: 1202, Time: 00:03:52

HP   0/34        AC  5     Str 16      XL: 4   Next: 16%
MP   4/4         EV 10     Int 11      God: Nemelex Xobeh [......]
Gold 109         SH  0     Dex 11      Spells:  0 memorised,  3 levels left

Res.Fire  : x . .   See Invis. : .   a - +0 mace (chaos)
Res.Cold  : + . .   Warding    : .   b - +2 leather armour
Life Prot.: + + +   Conserve   : .   (no shield)
Res.Poison: +       Res.Corr.  : .   (no helmet)
Res.Elec. : .       Clarity    : .   (no cloak)
Sust.Abil.: . .     Spirit.Shd : .   (no gloves)
Res.Mut.  : .       Stasis     : .   (no boots)
Res.Rott. : +       Flight     : .   (no amulet)
Saprovore : . . .                    (no ring)
                                     (no ring)

@: slightly resistant to hostile enchantments, unstealthy
A: no food or potions, fire vulnerability, restore body, cold resistance 1, life
protection 3, poison resistance, torment resistance, unbreathing
a: Renounce Religion


You were on level 2 of the Dungeon.
You worshipped Nemelex Xobeh.
Nemelex Xobeh was noncommittal.
You were not hungry.

You visited 1 branch of the dungeon, and saw 2 of its levels.

You collected 89 gold pieces.

Inventory:

Hand weapons
 a - a +0,+0 mace of chaos (weapon)
Missiles
 i - a dart (quivered)
Armour
 b - a +2 leather armour (worn)
 g - a +0 chain mail
 k - a +0 orcish ring mail
Scrolls
 d - 2 scrolls of remove curse {unknown}
 f - a scroll of teleportation {unknown}
Potions
 c - a potion of resistance {unknown}
Miscellaneous
 j - a plain deck of summonings
Rods
 h - a +2 rod of warding (14/14)
   (Xom gifted it to you on level 1 of the Dungeon)


   Skills:
 - Level 3.1 Fighting
   Level 0.0 Short Blades
   Level 0.0 Long Blades
   Level 0.0 Axes
 + Level 3.7 Maces & Flails
   Level 0.0 Polearms
   Level 0.0 Staves
   Level 0.0 Slings
   Level 0.0 Bows
   Level 0.0 Crossbows
 + Level 0.0 Throwing
 - Level 1.7 Armour
 - Level 1.0 Dodging
 + Level 0.8 Stealth
   Level 0.0 Stabbing
   Level 0.0 Shields
 + Level 0.2 Traps
 + Level 0.0 Unarmed Combat
 + Level 0.0 Spellcasting
   Level 0.0 Conjurations
   Level 0.0 Hexes
   Level 0.0 Charms
   Level 0.0 Summonings
   Level 0.0 Necromancy
   Level 0.0 Translocations
   Level 0.0 Transmutations
   Level 0.0 Fire Magic
   Level 0.0 Ice Magic
   Level 0.0 Air Magic
   Level 0.0 Earth Magic
   Level 0.0 Poison Magic
   Level 0.0 Invocations
 + Level 0.1 Evocations


You had 3 spell levels left.
You didn't know any spells.

Dungeon Overview and Level Annotations

Branches:
Dungeon (2/27)

Altars:
Nemelex Xobeh


Innate Abilities, Weirdness & Mutations

You do not eat or drink.
Your flesh is vulnerable to fire.
Your flesh is cold resistant.
You are immune to negative energy.
Your system is resistant to poisons.
You are immune to unholy pain and torment.
You can survive without breathing.


Message History

Unknown command.
You can't drink.
Read which item? (? for menu, Esc to quit)
As you read the scroll labeled TWIOSO LEMUS, it crumbles to dust.
Nothing appears to happen.
The ufetubus hits you. The ufetubus hits you.
* * * LOW HITPOINT WARNING * * *
Unknown command.
The ufetubus closely misses you. The ufetubus misses you.
Read which item? (? for menu, Esc to quit)
As you read the scroll labeled PIEGEHO SHEQI, it crumbles to dust.
You assume a fearsome visage.
The ufetubus is unaffected.
It was a scroll of fear.
The ufetubus hits you.
* * * LOW HITPOINT WARNING * * *
The ufetubus hits you.
* * * LOW HITPOINT WARNING * * *
The ufetubus hits you.
* * * LOW HITPOINT WARNING * * *
The ufetubus hits you.
You die...
Your body disappears without a glow.

#.#.# #...#.#
####.#.#####...#.#
#....#.........#>###
#..................#
##....#.....%###....#
........####...#<...#
#.......####...#>.###
...#..>....#...5....#
...#.......##...@...#
...........##.......#
#......(########..####
#....##.## #.....#
........[# ###.....#
#.##.##..# #.......#
#.##.##..# #....####
#.##.##..# #....#
#.##.##..#######..# #


You could see an ufetubus.

Vanquished Creatures
  A crimson imp (D:2)
  An adder (D:2)
  An ooze (D:1)
  3 goblins (D:1)
  6 hobgoblins
  2 jackals (D:1)
  3 kobolds
  4 bats
  2 giant geckos (D:1)
  3 giant newts (D:1)
  4 rats
30 creatures vanquished.

Vanquished Creatures (others)
  A goblin (D:2)
1 creature vanquished.

Grand Total: 31 creatures vanquished

Notes
Turn   | Place    | Note
--------------------------------------------------------------
     0 | D:1      | IAMA, the Mummy Chaos Knight, began the quest for the Orb.
     0 | D:1      | Reached XP level 1. HP: 16/16 MP: 1/1
   122 | D:1      | Reached skill level 1 in Dodging
   154 | D:1      | XOM: harmless Necr miscast
   171 | D:1      | Reached XP level 2. HP: 15/22 MP: 2/2
   266 | D:1      | XOM: harmless Ice miscast
   420 | D:1      | XOM: potion effect (might)
   445 | D:1      | XOM: divination: magic mapping
   705 | D:1      | XOM: cast spell 'Confusing Touch'
   881 | D:1      | XOM: god gift: thin jewelled rod {god gift}
   883 | D:1      | Identified a +2 rod of warding (14/14) (Xom gifted it to you on level 1 of the Dungeon)
   907 | D:2      | Reached XP level 3. HP: 28/28 MP: 3/3
  1005 | D:2      | Found a sparkling altar of Nemelex Xobeh.
  1010 | D:2      | Fell from the grace of Xom
  1010 | D:2      | Became a worshipper of Nemelex Xobeh
  1145 | D:2      | Reached XP level 4. HP: 27/34 MP: 4/4
  1168 | D:1      | XOM: summons 3 hostile demons
  1169 | D:1      | Noticed a smoke demon
  1202 | D:2      | Slain by an ufetubus

Action                   |  1- 3 |  4- 6 || total
-------------------------+-------+-------++-------
Melee: Mace              |   131 |     3 ||   134
Evoke: Rod               |     1 |       ||     1
  Use: Scroll            |       |     2 ||     2
 Stab: Petrified         |     1 |       ||     1
